 Dungeon Crawl Stone Soup version 0.23.2-1-ga50397a6bc (webtiles) character file.

Game seed: 18374037936878737266

414 Gargoyl the Skirmisher (level 6, 0/52 HPs)
             Began as a Centaur Abyssal Knight on May 4, 2019.
             Was a Believer of Lugonu.
             Succumbed to a worker ant's poison
             ... on level 4 of the Dungeon.
             The game lasted 00:03:51 (2112 turns).

Gargoyl the Skirmisher (Centaur Abyssal Knight)     Turns: 2112, Time: 00:03:52

Health: 0/52       AC:  7    Str: 14    XL:     6   Next: 60%
Magic:  8/8        EV: 13    Int: 11    God:    Lugonu [**....]
Gold:   122        SH:  0    Dex: 16    Spells: 5/5 levels left

rFire    . . .     SeeInvis .   a - +2 hand axe
rCold    + . .     Gourm    .   (no shield)
rNeg     + . .     Faith    .   i - +0 scale mail
rPois    .         Spirit   .   (no helmet)
rElec    .         Reflect  .   k - +0 cloak (curse)
rCorr    .         Harm     .   (no gloves)
MR       .....                  (no barding)
Stlth    +.........             (no amulet)
HPRegen  0.17/turn              h - ring of protection from cold
MPRegen  0.11/turn              b - ring of positive energy

@: agile, lethally poisoned (0 -> -3), berserk cooldown, very slightly
contaminated, slowed, invisible
A: large, hooves 3, deformed body, speed 2, tough skin 3
a: Depart the Abyss, Bend Space, Renounce Religion


You were on level 4 of the Dungeon.
You worshipped Lugonu.
Lugonu was pleased with you.
You were hungry.

You visited 1 branch of the dungeon, and saw 4 of its levels.
You visited the Abyss 1 time.

You collected 122 gold pieces.

Inventory:

Hand Weapons
 a - a +2 hand axe (weapon)
Missiles
 d - 3 javelins of returning (quivered)
Armour
 i - a +0 scale mail (worn)
 k - a cursed +0 cloak (worn)
Jewellery
 b - a ring of positive energy (right hand)
 h - a ring of protection from cold (left hand)
Wands
 o - a wand of paralysis (6)
Scrolls
 e - a scroll of identify
Potions
 f - a potion of heal wounds
Comestibles
 c - 6 rations


   Skills:
 + Level 4.0 Fighting
 + Level 3.9 Axes
 + Level 0.3 Throwing
 * Level 2.7 Armour
 * Level 1.9 Dodging
 * Level 3.3 Invocations


You had 5 spell levels left.
You didn't know any spells.
Your spell library was empty.

Dungeon Overview and Level Annotations

Branches:
Dungeon (4/15)
 Temple: D:4-7

Altars:

Annotations:
D:3 Ijyb


Innate Abilities, Weirdness & Mutations

You have hooves in place of feet.
Armour fits poorly on your strangely shaped body.
You cover ground very quickly.
You have extremely tough skin. (AC +3)


Message History

You feel sick.
You slash Grinder!
You kill Grinder!
Lugonu accepts your kill.
Your Fighting skill increases to level 4!
Your Invocations skill increases to level 3!
You have reached level 6!
Your experience leads to an increase in your attributes!
Your base attributes are Str 14, Int 11, Dex 10.
Increase (S)trength, (I)ntelligence, or (D)exterity?
You feel agile.
You are too berserk!
* * * LOW HITPOINT WARNING * * *
You feel sick.
There is a stone staircase leading up here.
You feel a strong urge to attack something.
You are no longer berserk.
You are exhausted.
You feel yourself slow down.
You die...

#
..###.####
...%...†<#
...#####.#
#.# #@#
#........
#.#######
#.# #.#
..# ###


There were no monsters in sight!

Vanquished Creatures
  Grinder (D:4)
  An ogre (D:2)
  A worker ant (D:4)
  5 adders (D:2)
  An ooze (D:1)
  3 worms (D:2)
  A dart slug (D:2)
  4 leopard geckos
  2 giant cockroaches
  2 goblins (D:2)
  3 hobgoblins (D:1)
  7 jackals
  4 kobolds
  A ball python (D:1)
  5 bats
  3 frilled lizards
  4 rats (D:1)
48 creatures vanquished.

Notes
Turn   | Place    | Note
-------+----------+-------------------------------------------
     0 | Abyss:1  | Gargoyl the Centaur Abyssal Knight began the quest for the
                  | Orb.
     0 | Abyss:1  | Reached XP level 1. HP: 19/19 MP: 2/2
    45 | Abyss:1  | Noticed a smoke demon
    48 | D:1      | Escaped the Abyss
   326 | D:1      | Reached * piety under Lugonu
   331 | D:1      | Reached XP level 2. HP: 26/26 MP: 3/3
   935 | D:2      | Reached XP level 3. HP: 31/31 MP: 4/4
  1011 | D:2      | Reached skill level 1 in Dodging
  1340 | D:2      | Reached XP level 4. HP: 36/39 MP: 5/5
  1481 | D:2      | Noticed an ogre
  1487 | D:2      | Killed an ogre
  1487 | D:2      | Reached XP level 5. HP: 22/46 MP: 5/7
  2066 | D:3      | Noticed Ijyb
  2081 | D:4      | Noticed Grinder
  2093 | D:4      | Reached ** piety under Lugonu
  2106 | D:4      | HP: 3/69 [Grinder/nerve-wracking pain (6)]
  2108 | D:4      | Killed Grinder
  2108 | D:4      | Reached skill level 4 in Fighting
  2108 | D:4      | Reached XP level 6. HP: 2/52 MP: 8/8
  2112 | D:4      | Succumbed to a worker ant's poison

Skill      XL: |  1  2  3  4  5 |
---------------+----------------+-----
Axes           | 2 3 |  3.9
Armour         | 2 |  2.7
Dodging        | 1 |  1.9
Fighting       | 4 |  4.0
Invocations    | 3 |  3.3
Throwing       | |  0.3

Action                   |  1- 3 |  4- 6 || total
-------------------------+-------+-------++-------
Melee: Hand axe          |    72 |    51 ||   123
       Kick              |    12 |    17 ||    29
Throw: Javelin           |    10 |       ||    10
Invok: Depart the Abyss  |     1 |       ||     1
  Use: Scroll            |     3 |     3 ||     6
       Potion            |     1 |     4 ||     5
 Stab: Invisible         |       |     1 ||     1
  Eat: Chunk             |     1 |     1 ||     2
Armor: Leather armour    |    30 |       ||    30
       Scale mail        |    22 |    29 ||    51
Dodge: Dodged            |    46 |    17 ||    63
